 Dungeon Crawl Stone Soup version 0.31-a0-152-g6aa68a64a1 (webtiles) character file.

Game seed: 1043637766037757329

186 qw the Shooter (level 5, 0/33 HPs)
             Began as a Gargoyle Hunter on June 10, 2023.
             Slain by a black bear (5 damage)
             ... on level 4 of the Dungeon.
             The game lasted 00:01:01 (2073 turns).

qw the Shooter (Gargoyle Hunter)                    Turns: 2073, Time: 00:01:02

Health: 0/33       AC: 11    Str: 14    XL:     5   Next: 66%
Magic:  5/5        EV: 10    Int: 10    God:
Gold:   173        SH:  0    Dex: 15    Spells: 4/4 levels left

rFire   . . .        Y - +1 shortbow
rCold   . . .        (shield currently unavailable)
rNeg    + . .        b - +0 ring mail
rPois   inf          (no helmet)
rElec   +            h - +1 cloak
rCorr   .            (no gloves)
SInv    .            (no boots)
Will    .....        (no amulet)
Stlth   +            (no ring)
HPRegen 0.25/turn    (no ring)
MPRegen 0.09/turn

%: no passive effects
@: no status effects
A: sickness immunity, AC +4, negative energy resistance 1, electricity
resistance, torment resistance 1, petrification resistance
a: no special abilities


You were on level 4 of the Dungeon.
You visited 1 branch of the dungeon, and saw 4 of its levels.

You collected 173 gold pieces.


Innate Abilities, Weirdness & Mutations

You are immune to sickness and miasma.
Your stone body is resilient. (AC +4)
You are immune to poison.
You resist negative energy. (rN+)
You are resistant to electric shocks. (rElec)
You are resistant to unholy torment.
You are immune to petrification.


   Skills:
 + Level 3.7 Fighting
 - Level 6.0 Ranged Weapons
 - Level 1.0 Armour
 - Level 1.5 Dodging
 - Level 1.1 Stealth


You had 4 spell levels left.
You didn't know any spells.
Your spell library was empty.

Inventory:

Hand Weapons
 Y - a +1 shortbow (weapon)
Armour
 b - a +0 ring mail (worn)
 h - a +1 cloak (worn)
Scrolls
 d - a scroll of teleportation
Potions
 a - a potion of heal wounds {unknown}
 c - a potion of attraction {unknown}
 e - a potion of haste {unknown}
 f - a potion of might {unknown}
 g - a potion of ambrosia {unknown}

Dungeon Overview and Level Annotations

Branches:
Dungeon (4/15)             Temple (0/1) D:4

Altars:
Fedhas
Qazlal

Shops:
D:4 [


Message History

The black bear is moderately wounded.
The black bear bites you.
The black bear claws you but does no damage.
The black bear claws you.
You shoot an arrow. The arrow hits the black bear.
The black bear is heavily wounded.
The black bear barely misses you.
The black bear claws you but does no damage.
The black bear closely misses you.
You shoot an arrow. The arrow hits the black bear.
The black bear is heavily wounded.
The black bear bites you.
The black bear claws you but does no damage. x2
The black bear bites you but does no damage.
The black bear closely misses you.
The black bear claws you but does no damage.
You shoot an arrow. The arrow barely misses the black bear.
The black bear bites you but does no damage.
The black bear claws you but does no damage. x2
You shoot an arrow. The arrow hits the black bear.
The black bear is severely wounded.
The black bear barely misses you.
The black bear claws you but does no damage.
The black bear barely misses you.
You shoot an arrow. The arrow hits the black bear.
The black bear is severely wounded.
The black bear goes berserk!
You shoot an arrow. The arrow barely misses the black bear.
The black bear completely misses you. The black bear claws you.
The black bear barely misses you. The black bear bites you.
The black bear claws you. The black bear barely misses you.
You shoot an arrow. The arrow barely misses the black bear.
The black bear bites you!
The black bear claws you but does no damage. x2
The black bear closely misses you. The black bear claws you.
The black bear claws you but does no damage.
You shoot an arrow. The arrow barely misses the black bear.
The black bear bites you but does no damage.
The black bear claws you. The black bear misses you. The black bear bites you.
You die...

..## ... ##..........# #..##
...# ###.........#
##..####...# #.........#
##.........######...........
#...........$#........
##%..###..............
###...## #............
......# ##......?....
.....## ##....@h......
.....## ###........)....
......# #...............
......###......~~~~~....
.###.........~~~~~~~~~.. #
##......~~~~~~~~~~~~~
##....~~~~~~...~~~~~
#<...~~~~~~.>.~~~~~
#.....~~~~~~...~~~~


You could see a black bear (berserk).

Vanquished Creatures
  A hound (D:4)
  An iguana (D:3)
  3 adders (D:2)
  6 worms
  4 dart slugs
  3 orcs
  7 bats
  4 endoplasms
  4 giant cockroaches
  8 goblins
  9 hobgoblins
  6 jackals
  4 kobolds
  4 ball pythons
  3 frilled lizards
  7 rats
74 creatures vanquished.

Notes
Turn   | Place    | Note
-------+----------+-------------------------------------------
     0 | D:1      | qw the Gargoyle Hunter began the quest for the Orb.
     0 | D:1      | Reached XP level 1. HP: 12/12 MP: 1/1
     0 | D:1      | 0 ||| qw: Version: 0.2-a-123-gb51047a
     0 | D:1      | 0 ||| qw: Game counter: 3690
     0 | D:1      | 0 ||| qw: Always use a shield: true
     0 | D:1      | 0 ||| qw: God list: Okawaru
     0 | D:1      | 0 ||| qw: Allow faded altars: false
     0 | D:1      | 0 ||| qw: Do Orc after D:15 true
     0 | D:1      | 0 ||| qw: Do second Lair branch before Depths: true
     0 | D:1      | 0 ||| qw: Lair rune preference: random
     0 | D:1      | 0 ||| qw: Plans: Normal, Zot:1-4, Slime:5, God:TSO, Crypt,
                  | Tomb, Abyss, Pan, Hells, Win
     0 | D:1      | 0 ||| PLANNING D:1-11
   119 | D:1      | 119 ||| READING scroll labelled GAUJIU XIUTOUH.
   120 | D:1      | 120 ||| DROPPING scroll of butterflies.
   142 | D:1      | 142 ||| FLEEEEING.
   143 | D:1      | 143 ||| FLEEEEING.
   154 | D:1      | Reached XP level 2. HP: 12/17 MP: 2/2
   308 | D:1      | You fall into a shaft and drop 1 floor!
   361 | D:2      | 361 ||| UPGRADING to +0 ring mail.
   371 | D:2      | 371 ||| DROPPING +0 leather armour.
   372 | D:2      | 372 ||| DROPPING ring of magical power.
   373 | D:2      | 373 ||| READING scroll labelled SISTRE RUVIGET.
   374 | D:2      | 374 ||| READING scroll labelled PAORUE LUTI.
   392 | D:2      | 392 ||| FLEEEEING.
   393 | D:2      | 393 ||| FLEEEEING.
   394 | D:2      | 394 ||| FLEEEEING.
   395 | D:2      | 395 ||| STAIRDANCE
   682 | D:2      | Reached skill level 1 in Armour
   706 | D:2      | Reached XP level 3. HP: 21/21 MP: 3/3
   884 | D:2      | Reached skill level 5 in Ranged Weapons
  1037 | D:2      | Reached XP level 4. HP: 27/27 MP: 4/4
  1104 | D:2      | Reached skill level 3 in Fighting
  1276 | D:2      | 1276 ||| UPGRADING to +0 cloak.
  1281 | D:2      | 1281 ||| READING scroll of enchant armour.
  1281 | D:2      | 1281 ||| ENCHANTING +0 cloak.
  1282 | D:2      | 1282 ||| READING scroll labelled IMI PONYGHURI.
  1283 | D:2      | 1283 ||| READING scroll labelled GIAKHIU DEETE.
  1333 | D:3      | Found a stormy altar of Qazlal.
  1366 | D:3      | Noticed a water elemental
  1677 | D:3      | Noticed an earth elemental
  1680 | D:3      | Noticed a fire elemental
  1680 | D:3      | Noticed an air elemental
  1696 | D:3      | Reached XP level 5. HP: 32/32 MP: 5/5
  1735 | D:3      | 1735 ||| READING scroll labelled LOTROY XUUDOPH.
  1736 | D:3      | 1736 ||| READING scroll labelled OCA ERON ZUIMM.
  1827 | D:4      | Reached skill level 6 in Ranged Weapons
  1898 | D:4      | Found Kiuc's Armour Shop.
  1904 | D:4      | 1904 ||| SHOPLISTING +1 ring mail of cold resistance (224
                  | gold, have 163).
  1904 | D:4      | 1904 ||| SHOPLISTING +2 leather armour of positive energy
                  | (224 gold, have 163).
  1974 | D:4      | Found a blossoming altar of Fedhas.
  2051 | D:4      | Found a staircase to the Ecumenical Temple.
  2052 | D:4      | 2052 ||| PLANNING TEMPLE
  2059 | D:4      | Noticed a black bear
  2073 | D:4      | HP: 5/33 [black bear (5)]
  2073 | D:4      | Slain by a black bear

Levels and vault maps discovered:
D:1:      dpeg_arrival_rooms_c, layout_basic, serial_glass, glass_columns_a,
          glass_columns_a, glass_columns_a, glass_columns_c
D:2:      layout_loops_ring
D:3:      layout_rooms, nicolae_qazlal_style_of_elements
D:4:      layout_layer_cave, nicolae_overflow_hidden_temple, temple_pool_b,
          serial_shops, nicolae_shop_rolling_square, uniq_pikel

Skill      XL: |  1  2  3  4  5 |
---------------+----------------+-----
Armour         | 1 |  1.0
Ranged Weapons | 5 6 |  6.0
Fighting       | 3 |  3.7
Dodging        | |  1.5
Stealth        | |  1.1

Action                     |  1- 3 |  4- 6 || total
---------------------------+-------+-------++-------
   Fire: Shortbow          |   101 |   132 ||   233
    Use: Scroll            |     3 |     5 ||     8
 Armour: Ring mail         |    18 |    45 ||    63
         Leather armour    |     9 |       ||     9
  Dodge: Dodged            |    23 |    41 ||    64

Table legend:
 A = Non-vault XP
 B = Vault XP
 C = Vault XP percentage of total XP
 D = Non-vault monster count
 E = Vault monster count
 F = Vault count percentage of total count
                 A         B        C        D         E       F
            +---------+---------+-------+---------+---------+-------
      Total |     267 |       0 |   0.0 |      74 |       0 |   0.0
            +---------+---------+-------+---------+---------+-------
        D:1 |      21 |       0 |   0.0 |      12 |       0 |   0.0
        D:2 |      97 |       0 |   0.0 |      29 |       0 |   0.0
        D:3 |      81 |       0 |   0.0 |      24 |       0 |   0.0
        D:4 |      68 |       0 |   0.0 |       9 |       0 |   0.0
            +---------+---------+-------+---------+---------+-------
